 Dungeon Crawl Stone Soup version 0.23-a0-359-g9beedce (webtiles) character file.

9205 lemonriz the Transmogrifier (level 11, -5/95 HPs)
             Began as a Yellow Draconian Transmuter on Oct 23, 2018.
             Was a Follower of Makhleb.
             Slain by a minotaur
             ... wielding the +10 zealot's sword {holy, *Rage rN+ EV+3}
              (23 damage)
             ... in a labyrinth.
             The game lasted 00:24:53 (12269 turns).

lemonriz the Transmogrifier (DrTm)                 Turns: 12269, Time: 00:24:54

Health: -5/95      AC:  9    Str: 20    XL:     11   Next: 20%
Magic:  13/18      EV: 16    Int: 16    God:    Makhleb [*.....]
Gold:   415        SH:  0    Dex: 13    Spells: 5/20 levels left

rFire    . . .     SeeInvis .     - Unarmed
rCold    . . .     Gourm    .   (shield currently unavailable)
rNeg     . . .     Faith    .   (armour unavailable)
rPois    .         Spirit   .   (helmet restricted)
rElec    .         Reflect  .   (no cloak)
rCorr    +         Harm     .   (gloves currently unavailable)
MR       +....                  h - +1 pair of boots
Stlth    +.........             (no amulet)
HPRegen  0.25/turn              l - ring of protection from magic
MPRegen  0.16/turn              w - +3 ring of strength

@: mighty, blade hands
A: spit acid, acid resistance, unfitting armour, cold-blooded, AC +7
a: Breathe Acid, End Transformation, Renounce Religion


You were in a labyrinth.
You worshipped Makhleb.
Makhleb was aware of your devotion.
You were not hungry.
You had blades for hands.
You visited 2 branches of the dungeon, and saw 11 of its levels.
You also visited: Labyrinth.

You collected 415 gold pieces.

Inventory:

Missiles
 a - 90 arrows
Armour
 d - a +1 pair of gloves (melded)
 h - a +1 pair of boots (worn)
Jewellery
 j - an uncursed ring of stealth {unknown}
 l - a ring of protection from magic (left scythe-like blade)
 w - a +3 ring of strength (right scythe-like blade)
 A - an uncursed ring of magical power
Wands
 r - a wand of random effects (30)
 x - a wand of flame (32)
 z - a wand of enslavement (16)
 B - a wand of acid (15)
Scrolls
 b - 3 scrolls of remove curse
 i - a scroll of fog
 q - 2 scrolls of immolation
 v - 2 scrolls of teleportation
 y - a scroll of fear
Potions
 e - a potion of flight {unknown}
 g - 2 potions of curing
 k - 2 potions of haste
 m - 2 potions of brilliance
 n - 2 potions of heal wounds
 o - 3 potions of ambrosia
 p - 3 potions of lignification
 s - a potion of agility
 D - a potion of mutation
Comestibles
 c - 20 rations


   Skills:
 + Level 8.9 Fighting
 + Level 6.7 Dodging
 + Level 8.7 Unarmed Combat
 + Level 5.1 Spellcasting
 - Level 10.0 Transmutations
 - Level 2.0 Ice Magic


You had 5 spell levels left.
You knew the following spells:

 Your Spells              Type           Power        Failure   Level  Hunger
a - Beastly Appendage     Tmut           #####.       10%         1    None
b - Sticks to Snakes      Tmut           #####...     11%         2    #......
c - Spider Form           Tmut/Pois      ###.......   36%         3    ###....
d - Ice Form              Ice/Tmut       ###.....     52%         4    ####...
e - Blade Hands           Tmut           #####.....   38%         5    ######.

Your spell library contained the following spells:

 Spells                   Type           Power        Failure   Level  Hunger


Dungeon Overview and Level Annotations

Branches:
Dungeon (11/15)            Temple (1/1) D:6             Orc (0/2) D:11
   Lair: D:8-11

Altars:
Ashenzari
Cheibriados
Dithmenos
Elyvilon
Fedhas
Gozag
Hepliaklqana
Kikubaaqudgha
Makhleb
Nemelex Xobeh
Okawaru
Qazlal
Ru
Sif Muna
Trog
Uskayaw
Vehumet
Wu Jian
Xom
Yredelemnul
Zin
The Shining One

Shops:
D:4 [

Annotations:
D:4 2 transporters, Nr616's ghost, novice HOFi


Innate Abilities, Weirdness & Mutations

You can spit globs of acid.
You are resistant to acid.
Your golden yellow scales are hard. (AC +7)
You cannot fit into any form of body armour.
You are cold-blooded and may be slowed by cold attacks.


Message History

The minotaur completely misses you.
You feel very mighty all of a sudden. The minotaur completely misses you.
The minotaur gores you.
You hit the minotaur.
The minotaur is lightly wounded.
You slash the minotaur!
You tail-slap the minotaur, but do no damage.
The minotaur is moderately wounded.
The minotaur hits you with the +10 zealot's sword {holy, *Rage rN+ EV+3}!
The minotaur gores you.
You slice the minotaur!!
The minotaur is severely wounded.
The minotaur hits you with the +10 zealot's sword {holy, *Rage rN+ EV+3}!!
* * * LOW HITPOINT WARNING * * *
The minotaur gores you.
* * * LOW HITPOINT WARNING * * *
You hit the minotaur. You slash the minotaur.
The minotaur is severely wounded.
The minotaur hits you with the +10 zealot's sword {holy, *Rage rN+ EV+3}!!
You die...

## .# # . # ### #
# ## # #.....#
..... # # #.# .#
### .#.#.#.# .
#.#######.#.# #
####
#....(H.....#.#..
. #
#.#.#.#@#####.#.
#
#.#.#.....#.#.#.
. #...########
##.#.# ..# # ..
.# # ### .. #.# #
# #. # .#. #. #.
##. .# #. #.#...
### ## .#. .###


You could see a minotaur.

Vanquished Creatures
  The ghost of Garbasso the Fighter, a novice OgTm of Makhleb (D:9)
  Erica (D:8)
  3 two-headed ogres
  Joseph (D:9)
  A minotaur skeleton (Lab)
  Grinder (D:3)
  A redback (Lab)
  4 yaks
  3 hogs (D:9)
  A human (D:9)
  A hungry ghost (Lab)
  A steam dragon (D:9)
  3 sky beasts
  4 black bears
  3 necrophages
  3 ogres
  A centaur (D:9)
  4 bullfrogs
  3 scorpions
  7 wights
  2 howler monkeys
  5 crimson imps
  A bullfrog zombie (D:6)
  5 jellies
  3 quasits
  7 hounds
  4 orc priests
  2 bullfrog skeletons
  Jessica (D:2)
  2 iguanas
  5 orc wizards
  5 worker ants
  A killer bee zombie (D:8)
  A hound zombie (D:7)
  2 hound skeletons (D:4)
  A worker ant zombie (D:8)
  7 adders
  A howler monkey skeleton (D:11)
  4 shadow imps
  An ooze (D:5)
  An adder skeleton (D:9)
  An adder zombie (D:8)
  2 worms
  2 dart slugs
  2 leopard geckos
  25 orcs
  A ball python (D:1)
  4 bats
  6 giant cockroaches
  A goblin (D:2)
  5 hobgoblins
  13 jackals
  6 quokkas
  3 frilled lizards
  A giant cockroach zombie (D:5)
  7 kobolds
  A leopard gecko skeleton (D:6)
  7 rats
195 creatures vanquished.

Vanquished Creatures (collateral kills)
  A redback (Lab)
  4 ogres
  A scorpion (D:4)
  An orc (D:4)
7 creatures vanquished.

Vanquished Creatures (others)
  A withered plant (D:9)
1 creature vanquished.

Grand Total: 203 creatures vanquished

Notes
Turn   | Place    | Note
-------+----------+-------------------------------------------
     0 | D:1      | lemonriz the Draconian Transmuter began the quest for the
                  | Orb.
     0 | D:1      | Reached XP level 1. HP: 16/16 MP: 3/3
   182 | D:1      | Reached XP level 2. HP: 18/23 MP: 3/5
   550 | D:2      | Learned a level 2 spell: Sticks to Snakes
   740 | D:2      | Reached XP level 3. HP: 29/29 MP: 6/6
   745 | D:2      | Learned a level 3 spell: Spider Form
   820 | D:2      | Reached skill level 3 in Transmutations
   927 | D:2      | Noticed Jessica
   941 | D:2      | Killed Jessica
   941 | D:2      | Reached XP level 4. HP: 26/36 MP: 7/7
  1684 | D:3      | Found an ancient bone altar of Kikubaaqudgha.
  1684 | D:3      | Found a shadowy altar of Dithmenos.
  1727 | D:3      | Noticed Grinder
  1746 | D:3      | Paralysed by Grinder for 7 turns
  1747 | D:3      | Killed Grinder
  1747 | D:3      | Reached skill level 4 in Transmutations
  1747 | D:3      | Reached XP level 5. HP: 14/45 MP: 2/8
  1747 | D:3      | Reached XP level 6. HP: 16/51 MP: 2/9
  2279 | D:3      | Found a faded altar of an unknown god.
  2750 | D:4      | Reached skill level 5 in Transmutations
  3098 | D:4      | Found a transporter.
  3099 | D:4      | Noticed Nr616's ghost (novice HOFi)
  3107 | D:4      | Found a transporter.
  3147 | D:4      | Found Wentysk's Antique Armour Boutique.
  3211 | D:4      | Your scales start taking on a golden yellow colour.
  3211 | D:4      | Reached XP level 7. HP: 54/59 MP: 2/10
  3319 | D:4      | Found a glowing silver altar of Zin.
  3469 | D:5      | Entered Level 5 of the Dungeon
  3493 | D:5      | Reached skill level 6 in Transmutations
  3619 | D:5      | Reached skill level 5 in Unarmed Combat
  3957 | D:5      | Found a bloodstained altar of Trog.
  4102 | D:5      | Reached XP level 8. HP: 30/67 MP: 11/11
  4375 | D:5      | Reached skill level 5 in Fighting
  4632 | D:6      | Reached skill level 7 in Transmutations
  5372 | D:6      | Reached skill level 8 in Transmutations
  5445 | D:6      | Reached XP level 9. HP: 56/75 MP: 12/12
  5533 | D:6      | Found a staircase to the Ecumenical Temple.
  5539 | D:6      | Learned a level 4 spell: Ice Form
  5581 | Temple   | Entered the Ecumenical Temple
  5747 | Temple   | Became a worshipper of Makhleb the Destroyer
  6397 | D:7      | Reached skill level 9 in Transmutations
  7030 | D:8      | Reached * piety under Makhleb
  7237 | D:8      | Noticed a two-headed ogre
  7672 | D:8      | Found a white marble altar of Elyvilon.
  7672 | D:8      | Found an iron altar of Okawaru.
  7673 | D:8      | Found a deep blue altar of Sif Muna.
  7790 | D:8      | Reached skill level 5 in Dodging
  7808 | D:8      | Killed a two-headed ogre
  7808 | D:8      | Reached XP level 10. HP: 20/85 MP: 9/14
  8122 | D:8      | Noticed Erica
  8140 | D:8      | Killed Erica
  8273 | D:8      | Reached skill level 10 in Transmutations
  8304 | D:8      | Learned a level 5 spell: Blade Hands
  8719 | D:9      | Reached skill level 1 in Ice Magic
  8860 | D:9      | Noticed a two-headed ogre
  8873 | D:9      | Killed a two-headed ogre
  9382 | D:9      | Found a runed door.
  9382 | D:9      | Noticed Garbasso's ghost (novice OgTm)
  9399 | D:9      | Noticed Joseph
  9430 | D:9      | Killed Joseph
  9735 | D:9      | Killed Garbasso's ghost
  9735 | D:9      | Reached XP level 11. HP: 59/94 MP: 12/18
  9974 | D:9      | You fall through a shaft for 2 floors!
  9995 | D:11     | Noticed a two-headed ogre
 10006 | D:11     | Killed a two-headed ogre
 10006 | D:11     | Reached skill level 5 in Spellcasting
 10028 | D:11     | Found a labyrinth entrance.
 10040 | Lab      | Entered a labyrinth
 10979 | Lab      | HP: 3/114 [poisoned by a redback]
 12253 | Lab      | Noticed a minotaur
 12269 | Lab      | Slain by a minotaur

Vault maps used:
D:1:      roderic_chinese_lattice_arrival
D:2:      uniq_jessica
D:3:      chequers_temple_overflow_statue_of_worship,
          chequers_ecumenical_altar_simple, chequers_serial_rivers_small_a,
          grunt_ministairs_8, uniq_grinder
D:4:      kennysheep_mini_moat, serial_shops, shop, gammafunk_ghost_smash,
          first_ration, kennysheep_generic_room_9
D:5:      kennysheep_six_static_rooms, serial_rivers,
          chequers_serial_rivers_small_3, chequers_serial_rivers_small_a,
          chequers_serial_rivers_micro_a, chequers_serial_rivers_room_a,
          chequers_serial_rivers_micro_e, chequers_serial_rivers_small_b,
          trog_butcher_becter
D:6:      minmay_temple_entry_enclosed_plants
D:8:      gammafunk_temple_overflow_claw, uniq_erica
D:9:      gammafunk_ghost_grave, grunt_livestock, uniq_joseph
D:11:     erik_orc_3, serial_shops, nicolae_shop_behind_doors,
          lab_entry_generic, lightli_orcish_oven
Temple:   eino_temple_scatter_basement
Lab:      labyrinth_watery, labyrinth_skeletal_remains, nicolae_lab_blocks,
          nicolae_lab_x, lab_fountain

Skill      XL: |  1  2  3  4  5  6  7  8  9 10 11 |
---------------+----------------------------------+-----
Fighting       | 2 3 4 6 7 8 |  8.9
Transmutations | 3 4 5 6 8 9 10 | 10.0
Unarmed Combat | 4 5 6 7 8 |  8.7
Dodging        | 2 3 5 6 |  6.7
Spellcasting   | 4 5 |  5.1
Ice Magic      | 2 |  2.0

Action                   |  1- 3 |  4- 6 |  7- 9 | 10-12 || total
-------------------------+-------+-------+-------+-------++-------
Melee: Unarmed           |   129 |   156 |   557 |   222 ||  1064
       Tailslap          |     9 |    12 |    71 |    31 ||   123
       Kick              |     2 |       |       |       ||     2
       Punch             |     1 |     4 |     7 |     8 ||    20
       Headbutt          |     4 |     4 |    30 |     1 ||    39
 Cast: Beastly Appendage |     5 |     3 |    13 |     1 ||    22
       Spider Form       |       |     3 |     5 |     4 ||    12
       Sticks to Snakes  |       |     4 |    16 |     3 ||    23
       Blade Hands       |       |       |       |     4 ||     4
       Ice Form          |       |       |       |     2 ||     2
 Abil: Breathe Acid      |       |       |    11 |     1 ||    12
  Use: Scroll            |     1 |       |    18 |     8 ||    27
       Potion            |       |       |       |     3 ||     3
 Stab: Sleeping          |     1 |       |       |       ||     1
       Distracted        |       |       |     2 |       ||     2
  Eat: Chunk             |       |     8 |    18 |     4 ||    30
       Ration            |       |       |     1 |     4 ||     5
Armor: Skin              |    53 |    50 |   195 |    49 ||   347
Dodge: Dodged            |    96 |    78 |   354 |   140 ||   668

Table legend:
 A = Non-vault XP
 B = Vault XP
 C = Vault XP percentage of total XP
 D = Non-vault monster count
 E = Vault monster count
 F = Vault count percentage of total count
                 A         B        C        D         E       F
            +---------+---------+-------+---------+---------+-------
      Total |    8375 |    4776 |  36.3 |     175 |      27 |  13.4
            +---------+---------+-------+---------+---------+-------
        D:1 |      28 |       0 |   0.0 |      20 |       0 |   0.0
        D:2 |      40 |      37 |  48.1 |      14 |       1 |   6.7
        D:3 |      76 |     284 |  78.9 |      12 |       3 |  20.0
        D:4 |     344 |      42 |  10.9 |      21 |       1 |   4.5
        D:5 |     544 |     234 |  30.1 |      15 |      10 |  40.0
        D:6 |    1230 |       0 |   0.0 |      30 |       0 |   0.0
        D:7 |    1477 |       0 |   0.0 |      23 |       0 |   0.0
        D:8 |    1896 |     929 |  32.9 |      22 |       1 |   4.3
        D:9 |    1838 |    2409 |  56.7 |      15 |       7 |  31.8
       D:11 |     902 |       0 |   0.0 |       3 |       0 |   0.0
        Lab |       0 |     841 | 100.0 |       0 |       4 | 100.0
            +---------+---------+-------+---------+---------+-------
